SL
NASHVILLE OUTLAWS @ SEATTLE AVIATORS
07/19/2034
 
TOP OF THE 1ST
Nashville Outlaws batting - Pitching for Seattle Aviators : RHP Dahab Kanda
Pitching: RHP Dahab Kanda
Batting: RHB Orlando Reyes 0-0: Ball
1-0: Ball
2-0: Ball
3-0: Base on Balls
Batting: LHB Bora Garasanin 0-0: Called Strike
0-1: Foul Ball, location: 2F
0-2: 2-RUN HOME RUN (Flyball, 9LD), Distance : 330 ft
Batting: RHB Jerry Yates 0-0: Ball
1-0: Called Strike
1-1: Called Strike
1-2: Foul Ball, location: 2F
1-2: DOUBLE (Line Drive, 89D)
Batting: LHB Mario Ramos 0-0: Ball
1-0: Swinging Strike
1-1: Ball
2-1: DOUBLE (Line Drive, 89D)
Jerry Yates scores
Batting: LHB Nathan Tanner 0-0: Called Strike
0-1: Ground out 5-3 (Groundball, 56)
Batting: LHB Myron Rosenbalm 0-0: Ball
1-0: 2-RUN HOME RUN (Flyball, 9LD), Distance : 340 ft
Batting: RHB Elia Amberezzio 0-0: Ball
1-0: Ball
2-0: SINGLE (Groundball, 56) (infield hit)
Batting: LHB Juan Caro 0-0: Ball
1-0: SINGLE (Flyball, 4MD)
Elia Amberezzio to second
Runner from 2nd tries for 3rd, SAFE, throw made at trailing runner, OUT!
Batting: RHB Greg Schiff 0-0: Ball
1-0: Ball
2-0: Ball
3-0: Base on Balls
Batting: RHB Orlando Reyes 0-0: Ground out 4-3 (Groundball, 4S)
Top of the 1st over - 5 runs, 6 hits, 0 errors, 2 left on base; Nashville 5 - Seattle 0
BOTTOM OF THE 1ST
Seattle Aviators batting - Pitching for Nashville Outlaws : RHP Matthew Fallows
Pitching: RHP Matthew Fallows
Batting: SHB Nuygen Vuong 0-0: DOUBLE (Line Drive, 7D)
Batting: SHB Paul Wite 0-0: Ground out 6-3 (Groundball, 6)
Nuygen Vuong to third
Batting: LHB Kenny Webster 0-0: Ball
1-0: Called Strike
1-1: Ball
2-1: Ball
3-1: Base on Balls
Batting: RHB Arlen Joysey 0-0: Swinging Strike
0-1: Swinging Strike
0-2: Strikes out swinging
Batting: LHB Yataro Kodo 0-0: Swinging Strike
0-1: Called Strike
0-2: Strikes out swinging
Bottom of the 1st over - 0 runs, 1 hit, 0 errors, 2 left on base; Nashville 5 - Seattle 0
TOP OF THE 2ND
Nashville Outlaws batting - Pitching for Seattle Aviators : RHP Dahab Kanda
Batting: LHB Bora Garasanin 0-0: Called Strike
0-1: Swinging Strike
0-2: Ground out 4-3 (Groundball, 34)
Batting: RHB Jerry Yates 0-0: Ball
1-0: Ball
2-0: Swinging Strike
2-1: Ground out 4-3 (Groundball, 4S)
Batting: LHB Mario Ramos 0-0: Ball
1-0: Ball
2-0: Foul Ball, location: 2F
2-1: Ball
3-1: Base on Balls
Batting: LHB Nathan Tanner 0-0: Ball
1-0: SINGLE (Flyball, 89S)
Mario Ramos to second
Batting: LHB Myron Rosenbalm 0-0: Foul Ball, location: 2F
0-1: Ball
1-1: Ball
2-1: Foul Ball, location: 2F
2-2: Foul Ball, location: 2F
2-2: Strikes out swinging
Top of the 2nd over - 0 runs, 1 hit, 0 errors, 2 left on base; Nashville 5 - Seattle 0
BOTTOM OF THE 2ND
Seattle Aviators batting - Pitching for Nashville Outlaws : RHP Matthew Fallows
Batting: RHB Albert Zamudio 0-0: Ball
1-0: Ball
2-0: Ball
3-0: Base on Balls
Batting: RHB Walt Miller 0-0: Ball
1-0: Foul Ball, location: 2F
1-1: DOUBLE (Line Drive, 8LXD)
Albert Zamudio to third
Batting: RHB Alfredo Méndez 0-0: Called Strike
0-1: Foul Ball, location: 2F
0-2: Foul Ball, location: 2F
0-2: Foul Ball, location: 2F
0-2: Strikes out swinging
Batting: LHB Del Truscott 0-0: Called Strike
0-1: Foul Ball, location: 2F
0-2: Strikes out swinging
Batting: SHB Nuygen Vuong 0-0: SINGLE (Groundball, 34D)
Albert Zamudio scores
Walt Miller to third
Runner from 3rd tries for Home, SAFE, no throw
Batting: SHB Paul Wite 0-0: Called Strike
Nuygen Vuong steals 2nd base
0-1: Ball
1-1: Ball
2-1: Swinging Strike
2-2: Foul Ball, location: 2F
2-2: Ball
3-2: DOUBLE (Groundball, 3L)
Nuygen Vuong scores
Batting: LHB Kenny Webster 0-0: Ball
1-0: Foul Ball, location: 2F
1-1: Ball
2-1: Ball
3-1: Base on Balls
Batting: RHB Arlen Joysey 0-0: Called Strike
0-1: Swinging Strike
0-2: Ball
1-2: Fly out, F7 (Flyball, 78D)
Bottom of the 2nd over - 3 runs, 3 hits, 0 errors, 2 left on base; Nashville 5 - Seattle 3
TOP OF THE 3RD
Nashville Outlaws batting - Pitching for Seattle Aviators : RHP Dahab Kanda
Batting: RHB Elia Amberezzio 0-0: Ball
1-0: Ball
2-0: Ball
3-0: Called Strike
3-1: Base on Balls
Batting: LHB Juan Caro 0-0: Ball
Throwing error on steal attempt, E2
Elia Amberezzio to third
1-0: Swinging Strike
1-1: Ball
2-1: Ball
3-1: Base on Balls
Batting: RHB Greg Schiff 0-0: Ball
1-0: Called Strike
1-1: Ball
2-1: Fly out, F8 (Flyball, 8LS)
Runner from 3rd tags up, OUT at HOME
Juan Caro to second
Batting: RHB Orlando Reyes 0-0: Ball
1-0: Ball
2-0: Called Strike
2-1: Fly out, F8 (Flyball, 8RD)
Top of the 3rd over - 0 runs, 0 hits, 1 error, 1 left on base; Nashville 5 - Seattle 3
BOTTOM OF THE 3RD
Seattle Aviators batting - Pitching for Nashville Outlaws : RHP Matthew Fallows
Batting: LHB Yataro Kodo 0-0: Ball
1-0: SINGLE (Line Drive, 78S)
Batting: RHB Albert Zamudio 0-0: Ball
1-0: Ball
2-0: Fly out, F7 (Flyball, 78M)
Batting: RHB Walt Miller 0-0: Hit by Pitch
Yataro Kodo to second
Batting: RHB Alfredo Méndez 0-0: Ball
1-0: Called Strike
1-1: Grounds into double play, 6-4-3 (Groundball, 6)
Bottom of the 3rd over - 0 runs, 1 hit, 0 errors, 1 left on base; Nashville 5 - Seattle 3
TOP OF THE 4TH
Nashville Outlaws batting - Pitching for Seattle Aviators : RHP Dahab Kanda
Batting: LHB Bora Garasanin 0-0: Ball
1-0: Foul Ball, location: 2F
1-1: Swinging Strike
1-2: Strikes out swinging
Batting: RHB Jerry Yates 0-0: Ball
1-0: Foul Ball, location: 2F
1-1: Ball
2-1: DOUBLE (Flyball, 89D)
Batting: LHB Mario Ramos 0-0: Intentional Walk
Batting: LHB Nathan Tanner 0-0: Ball
1-0: Fly out, F4 (Popup, 13)
Batting: LHB Myron Rosenbalm 0-0: Ball
1-0: Foul Ball, location: 2F
1-1: Ball
2-1: Called Strike
2-2: SINGLE (Groundball, 4MD)
Jerry Yates to third
Mario Ramos to second
Runner from 3rd tries for Home, SAFE, no throw
Batting: RHB Elia Amberezzio 0-0: Foul Ball, location: 2F
0-1: Swinging Strike
0-2: Ball
1-2: Ball
2-2: Ball
3-2: Strikes out swinging
Top of the 4th over - 1 run, 2 hits, 0 errors, 2 left on base; Nashville 6 - Seattle 3
BOTTOM OF THE 4TH
Seattle Aviators batting - Pitching for Nashville Outlaws : RHP Matthew Fallows
Batting: LHB Del Truscott 0-0: Swinging Strike
0-1: Called Strike
0-2: Strikes out swinging
Batting: SHB Nuygen Vuong 0-0: Swinging Strike
0-1: Ball
1-1: Ball
2-1: Ground out U3 (Groundball, 3L)
Batting: SHB Paul Wite 0-0: Called Strike
0-1: Ball
1-1: Ball
2-1: Foul Ball, location: 2F
2-2: SINGLE (Line Drive, 56D)
Batting: LHB Kenny Webster 0-0: Called Strike
0-1: Ground out 4-3 (Groundball, 4)
Bottom of the 4th over - 0 runs, 1 hit, 0 errors, 1 left on base; Nashville 6 - Seattle 3
TOP OF THE 5TH
Nashville Outlaws batting - Pitching for Seattle Aviators : RHP Dahab Kanda
Batting: LHB Juan Caro 0-0: Called Strike
0-1: Ball
1-1: SINGLE (Groundball, 25) (infield hit)
Batting: RHB Greg Schiff 0-0: Bunt missed!
0-1: Ball
1-1: Bunted foul
1-2: Ball
2-2: Ball
3-2: Base on Balls
Juan Caro to second
Batting: RHB Orlando Reyes 0-0: Sac Bunt - play at first, batter OUT! 3-4
Juan Caro to third
Greg Schiff to second
Batting: LHB Bora Garasanin 0-0: Ball
1-0: Foul Ball, location: 2F
1-1: Swinging Strike
1-2: Fly out, F6 (Line Drive, 4M)
Batting: RHB Jerry Yates 0-0: Ball
1-0: Ball
2-0: Foul Ball, location: 2F
2-1: 3-RUN HOME RUN (Flyball, 7LD), Distance : 332 ft
Batting: LHB Mario Ramos 0-0: Ball
1-0: Swinging Strike
1-1: Foul Ball, location: 2F
1-2: Strikes out swinging
Top of the 5th over - 3 runs, 2 hits, 0 errors, 0 left on base; Nashville 9 - Seattle 3
BOTTOM OF THE 5TH
Seattle Aviators batting - Pitching for Nashville Outlaws : RHP Matthew Fallows
Batting: RHB Arlen Joysey 0-0: Ball
1-0: Ball
2-0: Fly out, F5 (Popup, 5SF)
Batting: LHB Yataro Kodo 0-0: Ball
1-0: Hit by Pitch
Batting: RHB Albert Zamudio 0-0: Called Strike
0-1: Ball
1-1: Called Strike
1-2: Strikes out swinging
Batting: RHB Walt Miller 0-0: Ball
1-0: Ball
2-0: Called Strike
2-1: Fly out, F9 (Flyball, 89D)
Bottom of the 5th over - 0 runs, 0 hits, 0 errors, 1 left on base; Nashville 9 - Seattle 3
TOP OF THE 6TH
Nashville Outlaws batting - Pitching for Seattle Aviators : RHP Dahab Kanda
Pitching: RHP Alain Arnaud
Batting: LHB Nathan Tanner 0-0: Ground out 6-3 (Groundball, 6)
Batting: LHB Myron Rosenbalm 0-0: Ball
1-0: Ground out 4-3 (Groundball, 34)
Batting: RHB Elia Amberezzio 0-0: Ball
1-0: Called Strike
1-1: Ball
2-1: Ball
3-1: Base on Balls
Batting: LHB Juan Caro 0-0: Ball
Elia Amberezzio steals 2nd base
1-0: Ground out U3 (Groundball, 3)
Top of the 6th over - 0 runs, 0 hits, 0 errors, 1 left on base; Nashville 9 - Seattle 3
BOTTOM OF THE 6TH
Seattle Aviators batting - Pitching for Nashville Outlaws : RHP Matthew Fallows
Batting: RHB Alfredo Méndez 0-0: Ball
1-0: Ball
2-0: Ball
3-0: Called Strike
3-1: Foul Ball, location: 2F
3-2: Foul Ball, location: 2F
3-2: Foul Ball, location: 2F
3-2: Ground out 4-3 (Groundball, 4)
Batting: LHB Del Truscott 0-0: Ball
1-0: Ball
2-0: Foul Ball, location: 2F
2-1: Called Strike
2-2: Reached on error, E4 (Groundball, 4)
Batting: SHB Nuygen Vuong 0-0: Ball
1-0: Called Strike
1-1: Foul Ball, location: 2F
1-2: Strikes out looking
Batting: SHB Paul Wite 0-0: Called Strike
0-1: Foul Ball, location: 2F
0-2: Foul Ball, location: 2F
0-2: Strikes out swinging
Bottom of the 6th over - 0 runs, 0 hits, 1 error, 1 left on base; Nashville 9 - Seattle 3
TOP OF THE 7TH
Nashville Outlaws batting - Pitching for Seattle Aviators : RHP Alain Arnaud
Batting: RHB Greg Schiff 0-0: Ball
1-0: Called Strike
1-1: Ball
2-1: Foul Ball, location: 2F
2-2: Foul Ball, location: 2F
2-2: Strikes out swinging
Batting: RHB Orlando Reyes 0-0: Called Strike
0-1: SINGLE (Groundball, 4D)
Batting: LHB Bora Garasanin 0-0: SINGLE (Line Drive, 4MD)
Orlando Reyes to second
Batting: RHB Jerry Yates 0-0: Called Strike
0-1: Ball
1-1: Called Strike
1-2: Ball
2-2: Foul Ball, location: 2F
2-2: Fly out, F8 (Flyball, 78M)
Batting: LHB Mario Ramos 0-0: Ball
1-0: Called Strike
1-1: Ball
2-1: Ball
3-1: Called Strike
3-2: Base on Balls
Orlando Reyes to third
Bora Garasanin to second
Batting: LHB Nathan Tanner 0-0: Ground out 3-1 (Groundball, 34)
Top of the 7th over - 0 runs, 2 hits, 0 errors, 3 left on base; Nashville 9 - Seattle 3
BOTTOM OF THE 7TH
Seattle Aviators batting - Pitching for Nashville Outlaws : RHP Matthew Fallows
Pitching: RHP Francisco García
Batting: LHB Kenny Webster 0-0: Ball
1-0: Ball
2-0: Ball
3-0: Called Strike
3-1: Base on Balls
Batting: RHB Arlen Joysey 0-0: Ball
1-0: Ball
2-0: Called Strike
2-1: Fly out, F7 (Flyball, 78M)
Batting: LHB Yataro Kodo 0-0: Ball
1-0: Ball
2-0: Ball
3-0: Base on Balls
Kenny Webster to second
Batting: RHB Albert Zamudio 0-0: Called Strike
0-1: Swinging Strike
0-2: Ball
1-2: Ball
2-2: Ball
3-2: Foul Ball, location: 2F
3-2: Foul Ball, location: 2F
3-2: SINGLE (Groundball, 23) (infield hit)
Kenny Webster to third
Yataro Kodo to second
Batting: RHB Walt Miller Balk!
Kenny Webster scores
Yataro Kodo to third
Albert Zamudio to second
0-0: Ball
1-0: Fly out, F6 (Line Drive, 6M)
Batting: RHB Alfredo Méndez 0-0: Called Strike
0-1: Swinging Strike
0-2: Ball
1-2: Strikes out swinging
Bottom of the 7th over - 1 run, 1 hit, 0 errors, 2 left on base; Nashville 9 - Seattle 4
TOP OF THE 8TH
Nashville Outlaws batting - Pitching for Seattle Aviators : RHP Alain Arnaud
Batting: LHB Myron Rosenbalm 0-0: Ground out 3-1 (Groundball, 34S)
Batting: RHB Elia Amberezzio 0-0: Ball
1-0: Called Strike
1-1: DOUBLE (Groundball, 3L)
Batting: LHB Juan Caro 0-0: Intentional Walk
Batting: RHB Greg Schiff 0-0: Called Strike
0-1: Ball
1-1: Foul Ball, location: 2F
1-2: Strikes out swinging
Batting: RHB Orlando Reyes 0-0: Fielders Choice at 2nd, 6-4 (Groundball, 6)
Top of the 8th over - 0 runs, 1 hit, 0 errors, 2 left on base; Nashville 9 - Seattle 4
BOTTOM OF THE 8TH
Seattle Aviators batting - Pitching for Nashville Outlaws : RHP Francisco García
Batting: LHB Del Truscott 0-0: Ball
1-0: Called Strike
1-1: Foul Ball, location: 2F
1-2: Strikes out swinging
Batting: SHB Nuygen Vuong 0-0: Called Strike
0-1: Foul Ball, location: 2F
0-2: Ball
1-2: Ball
2-2: Fly out, F9 (Flyball, 89D)
Pitching: RHP Joel Farrell
Batting: SHB Paul Wite 0-0: Ball
1-0: Ball
2-0: Ball
3-0: Base on Balls
Batting: LHB Kenny Webster 0-0: Ball
1-0: Ball
2-0: Ball
3-0: Base on Balls
Paul Wite to second
Batting: RHB Arlen Joysey 0-0: Foul Ball, location: 2F
0-1: DOUBLE (Line Drive, 7LM)
Paul Wite scores
Kenny Webster to third
Runner from 3rd tries for Home, SAFE, no throw
Pitching: RHP Gustavo López
Batting: LHB Yataro Kodo 0-0: Ball
1-0: Ball
2-0: Called Strike
2-1: Foul Ball, location: 2F
2-2: Fly out, F5 (Line Drive, 56)
Bottom of the 8th over - 2 runs, 1 hit, 0 errors, 1 left on base; Nashville 9 - Seattle 6
TOP OF THE 9TH
Nashville Outlaws batting - Pitching for Seattle Aviators : RHP Alain Arnaud
Batting: LHB Bora Garasanin 0-0: Ball
1-0: DOUBLE (Flyball, 8LXD)
Batting: RHB Jerry Yates 0-0: Swinging Strike
0-1: Ball
1-1: Ball
2-1: Ball
3-1: Called Strike
3-2: Base on Balls
Pitching: RHP Miguel Cervantes
Batting: LHB Mario Ramos 0-0: Swinging Strike
0-1: Foul Ball, location: 2F
0-2: Foul Ball, location: 2F
0-2: Ball
1-2: Strikes out swinging
Batting: LHB Nathan Tanner 0-0: Swinging Strike
0-1: Swinging Strike
0-2: Strikes out looking
Batting: LHB Myron Rosenbalm 0-0: Ball
1-0: Ball
2-0: Ground out 4-3 (Groundball, 34D)
Top of the 9th over - 0 runs, 1 hit, 0 errors, 2 left on base; Nashville 9 - Seattle 6
BOTTOM OF THE 9TH
Seattle Aviators batting - Pitching for Nashville Outlaws : RHP Gustavo López
Pitching: RHP Jorge Villanueva
Batting: RHB Albert Zamudio 0-0: Ball
1-0: Foul Ball, location: 2F
1-1: SINGLE (Groundball, 6) (infield hit)
Batting: RHB Walt Miller 0-0: Fly out, F6 (Line Drive, 6M)
Batting: RHB Alfredo Méndez 0-0: Ball
1-0: Ball
2-0: Ball
3-0: Called Strike
3-1: Fielders Choice at 2nd, 4-6 (Groundball, 34)
Batting: LHB Del Truscott 0-0: Foul Ball, location: 2F
0-1: Ball
1-1: Ball
2-1: Foul Ball, location: 2F
2-2: Foul Ball, location: 2F
2-2: Strikes out swinging
Bottom of the 9th over - 0 runs, 1 hit, 0 errors, 1 left on base; Nashville 9 - Seattle 6
Friday, March 29th, 2019 - OOTP Baseball 18.8 Build 76